 Dungeon Crawl Stone Soup version 0.31-a0-435-g2c6fae2916 (webtiles) character file.

Game seed: 5916775140977406035

25 Dittersdorf the Trooper (level 3, -1/23 HPs)
             Began as a Gargoyle Fighter on Aug 1, 2023.
             Slain by an orc priest
             ... wielding a +0 short sword
              (2 damage)
             ... on level 2 of the Dungeon.
             The game lasted 00:01:36 (940 turns).

Dittersdorf the Trooper (Gargoyle Fighter)           Turns: 940, Time: 00:01:36

Health: -1/23      AC: 12    Str: 21    XL:     3   Next: 4%
Magic:  3/3        EV:  7    Int:  8    God:
Gold:   76         SH:  4    Dex:  9    Spells: 2/2 levels left

rFire   . . .        a - +0 flail
rCold   . . .        c - +0 buckler
rNeg    + . .        i - +0 chain mail
rPois   ∞            (no helmet)
rElec   +            (no cloak)
rCorr   .            (no gloves)
SInv    .            (no boots)
Will    .....        (no amulet) Stlth
                     (no ring)
HPRegen 0.23/turn    (no ring)
MPRegen 0.08/turn

%: no passive effects
@: no status effects
A: sickness immunity, AC +3, negative energy resistance 1, electricity
resistance, torment resistance 1, petrification resistance
a: no special abilities


You were on level 2 of the Dungeon.
You visited 1 branch of the dungeon, and saw 2 of its levels.

You collected 76 gold pieces.

Inventory:

Hand Weapons
 a - a +0 flail (weapon)
Armour
 c - a +0 buckler (worn)
 i - a +0 chain mail (worn)
Scrolls
 g - a scroll of teleportation {unknown}
 h - a scroll of identify {unknown}
Potions
 d - a potion of might
 e - a potion of mutation {unknown}
 f - a potion of curing {unknown}


   Skills:
 + Level 3.6 Fighting
 + Level 2.3 Maces & Flails
 + Level 3.6 Armour
 + Level 3.6 Shields


You had 2 spell levels left.
You didn't know any spells.
Your spell library contained the following spells:

 Spells                   Type           Power      Damage    Failure   Level
 Freeze                   Ice            0%         1d3       98%         1
 Slow                     Hex            0%         N/A       98%         1
 Confusing Touch          Hex            0%         N/A       100%        3
 Frozen Ramparts          Ice            0%         1d1       100%        3
 Hailstorm                Conj/Ice       0%         3d3       100%        3
 Ignite Poison            Fire/Tmut/Pois 0%         N/A       100%        3
 Vampiric Draining        Necr           0%         2d6       100%        3
 Sticky Flame             Conj/Fire      0%         2d3       100%        4
 Ignition                 Fire           0%         3d3       100%        8


Dungeon Overview and Level Annotations

Branches:
Dungeon (2/15)

Altars:


Innate Abilities, Weirdness & Mutations

You are immune to sickness and miasma.
Your stone body is resilient. (AC +3)
You are immune to poison.
You resist negative energy. (rN+)
You are resistant to electric shocks. (rElec)
You are resistant to unholy torment.
You are immune to petrification.


Message History

The orc attacks as you move away! The orc hits you but does no damage.
You hit the orc.
The orc is moderately wounded.
The orc hits you but does no damage.
The orc priest mumbles some strange prayers to Beogh against you.
Beogh smites you!
Ouch! That really hurt!
You hit the orc but do no damage.
The orc is moderately wounded.
The orc hits you but does no damage. x2
You closely miss the orc.
The orc is moderately wounded.
The orc priest hits you but does no damage.
You barely miss the orc priest. The orc barely misses you.
You block the orc priest's attack.
The orc priest hits you but does no damage.
You barely miss the orc priest. You block the orc's attack.
The orc priest hits you with a +0 short sword.
You block the orc priest's attack. The orc hits you with a +0 dagger.
The orc priest hits you but does no damage.
You closely miss the orc priest.
The orc priest hits you but does no damage.
The orc hits you with a +0 dagger.
The orc priest hits you with a +0 short sword. x2
* * * LOW HITPOINT WARNING * * *
You hit the orc priest but do no damage.
The orc hits you with a +0 dagger.
* * * LOW HITPOINT WARNING * * *
The orc priest closely misses you.
The orc priest hits you with a +0 short sword.
* * * LOW HITPOINT WARNING * * *
You closely miss the orc priest. The orc hits you but does no damage.
The orc priest looks braver for a moment.
The orc priest hits you but does no damage.
The orc hits you with a +0 dagger.
* * * LOW HITPOINT WARNING * * *
The orc priest barely misses you.
You hit the orc priest but do no damage.
The orc priest hits you with a +0 short sword.
You die...

....... ... .....#
≈~.###.#.. ...##
≈~.....#.# #.)# ~......#..
#..## ~......#.#######...#
.......+.........#.#######
.......#oo................
........o@..†.......######
....##.#########...# .
#....o...###..#
......o.~..o~..##..#
##.........o...$#..#
#.............⌠#..#
#.............$#..#
#......~...~..##...
#............###.#.#


You could see 2 orc priests and an orc.

Vanquished Creatures
  A worm (D:2)
  2 orcs (D:2)
  An endoplasm (D:1)
  A giant cockroach (D:1)
  3 goblins (D:1)
  A hobgoblin (D:1)
  3 kobolds
  2 ball pythons (D:1)
  2 bats (D:1)
  A frilled lizard (D:1)
  3 rats (D:1)
20 creatures vanquished.

Notes
Turn   | Place    | Note
-------+----------+-------------------------------------------
     0 | D:1      | Dittersdorf the Gargoyle Fighter began the quest for the
                  | Orb.
     0 | D:1      | Reached XP level 1. HP: 14/14 MP: 1/1
   358 | D:1      | Reached XP level 2. HP: 19/19 MP: 2/2
   906 | D:2      | Reached XP level 3. HP: 23/23 MP: 3/3
   938 | D:2      | HP: 1/23 [orc priest/+0 short sword (3)]
   940 | D:2      | Slain by an orc priest

Illustrated notes

Levels and vault maps discovered:
D:1:      dpeg_arrival_simpleton_b, layout_loops_corners, serial_bayou_pond_a
D:2:      cheibrodos_pilgrimage, layout_basic, chequers_ecumenical_altar_island,
          minmay_surrounded

Action                     || total
---------------------------++-------
  Melee: Flail             ||    92
 Armour: Scale mail        ||    48
         Chain mail        ||    10
  Dodge: Dodged            ||    54
  Block: Buckler           ||    18

Table legend: (Time is in decaauts)
 A = Elapsed time spent in this place.
 B = Non-inter-level travel time spent in this place.
 C = Inter-level travel time spent in this place.
 D = Time resting spent in this place.
 E = Time spent auto-exploring this place.
 F = Levels seen in this place.
 G = Mean time per level.
                   A        B        C        D        E       F      G
               +--------+--------+--------+--------+--------+-----+--------+
         Total |    971 |    967 |      4 |     14 |    724 |   2 |  485.5 |
       Dungeon |    971 |    967 |      4 |     14 |    724 |   2 |  485.5 |
               +--------+--------+--------+--------+--------+-----+--------+

Top non-repeatable levels by time:
     D:1: 857 daAuts
     D:2: 114 daAuts
